 Dungeon Crawl Stone Soup version 0.20-a0-739-g6bb112f (webtiles) character file.

150 polly the Slasher (level 5, -10/46 HPs)
             Began as a Draconian Berserker on Feb 25, 2017.
             Was a Believer of Trog.
             Mangled by Sigmund
             ... wielding a +0 scythe
              (13 damage)
             ... on level 3 of the Dungeon.
             The game lasted 00:02:19 (1403 turns).

polly the Slasher (Draconian Berserker)             Turns: 1403, Time: 00:02:20

Health: -10/46     AC:  7    Str: 19    XL:     5   Next: 10%
Magic:  5/5        EV: 13    Int:  8    God:    Trog [**....]
Gold:   62         SH:  0    Dex: 11    Spells: 4/4 levels left

rFire    . . .     SeeInvis .   a - +0 falchion
rCold    . . .     Gourm    .   (armour unavailable)
rNeg     . . .     Faith    .   (no shield)
rPois    .         Spirit   .   (helmet restricted)
rElec    .         Reflect  .   (no cloak)
rCorr    .         Harm     .   r - +0 pair of gloves
MR       .....                  q - +0 pair of boots
Stlth    +.........             (no amulet)
Regen    0.2/turn               (no ring)
MPRegen  0.1/turn               (no ring)

@: confused
A: unfitting armour, horns 1, stinger 1, cold-blooded, AC +5
a: Berserk, Trog's Hand, Burn Spellbooks, Renounce Religion


You were on level 3 of the Dungeon.
You worshipped Trog.
Trog was pleased with you.
You were hungry.

You visited 1 branch of the dungeon, and saw 3 of its levels.

You collected 62 gold pieces.

Inventory:

Hand Weapons
 a - a +0 falchion (weapon)
Armour
 q - a +0 pair of boots (worn)
 r - a +0 pair of gloves (worn)
Jewellery
 e - an uncursed ring of stealth {unknown}
 i - an uncursed ring of see invisible {unknown}
 p - a +3 ring of intelligence {unknown}
Scrolls
 d - 2 scrolls of teleportation {unknown}
 f - 2 scrolls of identify {unknown}
 g - a scroll of remove curse {unknown}
 h - a scroll of fog {unknown}
 k - a scroll of fear {unknown}
 l - a scroll of amnesia {unknown}
 o - a scroll of blinking {unknown}
Potions
 s - a potion of mutation
Comestibles
 b - 3 bread rations
 m - a meat ration


   Skills:
 + Level 4.2 Fighting
 + Level 4.7 Long Blades
 + Level 3.3 Dodging
 + Level 0.4 Stealth


You had 4 spell levels left.
You didn't know any spells.

Dungeon Overview and Level Annotations

Branches:
Dungeon (3/15)

Altars:

Annotations:
D:3 Sigmund


Innate Abilities, Weirdness & Mutations

Your plain brown scales are hard. (AC +5)
You cannot fit into any form of body armour.
You are cold-blooded and may be slowed by cold attacks.
You have a pair of small horns on your head.
Your tail ends in a poisonous barb.


Message History

You are confused.
It was a potion of mutation.
You feel extremely strange. A pair of horns grows on your head!
A poisonous barb forms on the end of your tail.
Something hits you.
* * * LOW HITPOINT WARNING * * *
It was a potion of curing.
You feel better.
You closely miss something. You headbutt something.
You hear some strange, mumbled words.
Something tries to affect you, but you resist.
Something hits you.
* * * LOW HITPOINT WARNING * * *
You hit something. You hit something.
You hear some strange, mumbled words.
You are confused.
You hit something. Something hits you.
* * * LOW HITPOINT WARNING * * *
Something hits you!
You die...

# ♣..♣♣ #
♣♣♣ ♣♣.♣ #
..♣ ♣♣(♣♣ #
♣.♣♣ ♣(♣♣ #
♣...♣♣..♣ #
♣...)♣♣ #
♣♣.♣♣♣ #
♣♣♣.♣ #
♣.@♣♣ # ♣.♣♣
# ♣{♣♣ ♣.. #
♣♣)♣♣♣♣.$s.♣
# ♣♣.(.K.♣ #
♣♣♣♣...♣ ..♣
... #.# ♣♣♣


There were no monsters in sight!

Vanquished Creatures
  A centaur (D:3)
  An adder (D:3)
  An ooze (D:3)
  3 dart slugs (D:1)
  2 worms (D:2)
  5 giant cockroaches
  6 goblins
  9 hobgoblins
  5 bats
  6 frilled lizards
  8 kobolds
  3 rats
50 creatures vanquished.

Notes
Turn   | Place    | Note
-------+----------+-------------------------------------------
     0 | D:1      | polly the Draconian Berserker began the quest for the Orb.
     0 | D:1      | Reached XP level 1. HP: 19/19 MP: 1/1
    46 | D:1      | Reached XP level 2. HP: 22/27 MP: 2/2
   603 | D:2      | Reached XP level 3. HP: 29/33 MP: 3/3
   638 | D:2      | Reached ** piety under Trog
  1351 | D:3      | Noticed a centaur
  1358 | D:3      | Killed a centaur
  1358 | D:3      | Reached XP level 4. HP: 23/40 MP: 4/4
  1358 | D:3      | Reached XP level 5. HP: 26/46 MP: 5/5
  1369 | D:3      | Noticed Sigmund
  1395 | D:3      | HP: 1/46 [something (12)]
  1397 | D:3      | Gained mutation: You have a pair of small horns on your head. [potion of mutation]
  1397 | D:3      | Gained mutation: Your tail ends in a poisonous barb. [potion of mutation]
  1402 | D:3      | HP: 2/46 [something (2)]
  1403 | D:3      | Mangled by Sigmund

Vault maps used:
D:1:      dpeg_arrival_rooms_with_view
D:2:      serial_corexii_hall, corexii_hall_statues_l, corexii_hall_statues_i,
          first_bread
D:3:      kb_forest_paths, uniq_grinder, uniq_sigmund, uniq_robin

Skill      XL: |  1  2  3 |
---------------+----------+-----
Dodging        | 3 |  3.3
Fighting       | 4 |  4.2
Long Blades    | 4 |  4.7
Stealth        | |  0.4

Action                   |  1- 3 |  4- 6 || total
-------------------------+-------+-------++-------
Melee: Falchion          |   109 |    18 ||   127
       Tailslap          |    18 |     2 ||    20
       Headbutt          |       |     1 ||     1
  Use: Potion            |       |     5 ||     5
 Stab: Sleeping          |     1 |       ||     1
  Eat: Chunk             |     1 |       ||     1
Armor: Skin              |    26 |       ||    26
Dodge: Dodged            |    84 |     8 ||    92
       Rpst.: Falchion   |    27 |     4 ||    31
